 Dungeon Crawl Stone Soup version 0.18-a0-1088-g34ef3a2 (webtiles) character file.

46 namelastname112 the Insei (level 3, -1/26 HPs)
             Began as a Draconian Wizard on Jan 16, 2016.
             Slain by a goblin
             ... wielding a +0 dagger
             ... led by Robin
              (2 damage)
             ... on level 2 of the Dungeon.
             The game lasted 00:02:14 (1251 turns).

namelastname112 the Insei (Draconian Wizard)        Turns: 1251, Time: 00:02:14

Health: -1/26      AC:  5    Str:  9    XL:     3   Next: 44%
Magic:  7/7        EV: 12    Int: 18    God:
Gold:   93         SH:  0    Dex: 10    Spells: 1 memorised, 7 levels left

rFire  . . .     SeeInvis .       - Unarmed
rCold  . . .     Gourm    .     (armour unavailable)
rNeg   . . .     Faith    .     (no shield)
rPois  .         Spirit   .     a - +0 hat
rElec  .         Dismiss  .     (no cloak)
rCorr  .         Reflect  .     (no gloves)
SustAt .         Harm     .     (no boots)
MR     .....                    (no amulet)
Stlth  ++........               (no ring)
                                (no ring)

@: not resistant to hostile enchantments, unstealthy
A: unfitting armour, cold-blooded, AC +5
a: no special abilities


You were on level 2 of the Dungeon.
You were not hungry.

You visited 1 branch of the dungeon, and saw 2 of its levels.

You collected 93 gold pieces.

Inventory:

Armour
 a - a +0 hat (worn)
Scrolls
 d - a scroll of identify {unknown}
 f - a scroll of random uselessness {unknown}
 j - a scroll of remove curse {unknown}
 l - a scroll of noise {unknown}
Books
 b - a book of Minor Magic

   Spells                             Type                      Level
   a - Magic Dart                     Conjuration                  1
   b - Blink                          Translocation                2
   c - Call Imp                       Summoning                    2
   d - Repel Missiles                 Charms/Air                   2
   e - Slow                           Hexes                        2
   f - Conjure Flame                  Conjuration/Fire             3
   g - Mephitic Cloud                 Conjuration/Poison/Air       3
Comestibles
 c - a bread ration
 h - 3 beef jerkies
 i - a meat ration


   Skills:
 - Level 1.7 Dodging
 - Level 1.7 Stealth
 + Level 3.1 Unarmed Combat
 - Level 3.0 Spellcasting
 - Level 1.0 Conjurations
   Level 1.0 Summonings
   Level 1.0 Translocations


You had 7 spell levels left.
You knew the following spells:

 Your Spells              Type           Power        Failure   Level  Hunger
z - Magic Dart            Conj           #...         12%         1    None


Dungeon Overview and Level Annotations

Branches:
Dungeon (2/15)

Altars:

Annotations:
D:2 Robin


Innate Abilities, Weirdness & Mutations

Your plain brown scales are hard (AC +5).
Your body does not fit into most forms of armour.
You are cold-blooded and may be slowed by cold attacks.


Message History

You hit the goblin but do no damage.
The goblin is severely wounded.
The goblin hits you but does no damage. The goblin barely misses you.
You barely miss the goblin.
The goblin is severely wounded.
The goblin completely misses you.
You barely miss the goblin.
The goblin is severely wounded.
The goblin closely misses you. The goblin hits you with a dagger.
* * * LOW HITPOINT WARNING * * *
Drink which item? (? for menu, Esc to quit)
It was a potion of cancellation.
Your magical effects are unravelling.
You feel magically purged.
You feel a little less clever now. The goblin misses you.
The goblin closely misses you.
You hit the goblin.
You kill the goblin!
The goblin hits you with a dagger.
You die...

...##..# .......#######
##÷#.......†..
#.##.######## ###
#.##.# #.. ##.##.# #.#
......########## #.#
...............######.#
##.#####.......)@ggg..#
#.# #)#####.#####..#
#.#####.# #.# #..#
#....##.# #.# #g.#
####.##.#####.#####gg#
#.............##..###.#
####g#####..g.....!...#
#.# ####.....#####
#<###########.##


You could see Robin and 2 goblins.

Vanquished Creatures
  An adder (D:2)
  A worm (D:1)
  A giant gecko (D:1)
  2 giant cockroaches
  12 goblins
  4 hobgoblins
  2 jackals (D:1)
  A bat (D:1)
  A giant newt (D:1)
  3 kobolds
28 creatures vanquished.

Notes
Turn   | Place    | Note
--------------------------------------------------------------
     0 | D:1      | namelastname112 the Draconian Wizard began the quest for the Orb.
     0 | D:1      | Reached XP level 1. HP: 14/14 MP: 4/4
   100 | D:1      | Reached skill level 1 in Unarmed Combat
   300 | D:1      | Reached XP level 2. HP: 2/20 MP: 0/6
  1098 | D:2      | Reached XP level 3. HP: 23/26 MP: 1/7
  1169 | D:2      | Noticed Robin
  1231 | D:2      | HP: 1/26 [goblin/dagger[Robin] (6)]
  1249 | D:2      | HP: 1/26 [goblin/dagger[Robin] (5)]
  1251 | D:2      | Slain by a goblin

Vault maps used:
D:1:      onia_arrival_pyramid
D:2:      nicolae_overflow_hidden_temple, old_standard_altar, uniq_natasha,
          uniq_robin

Action                   || total
-------------------------++-------
Melee: Unarmed           ||    96
 Cast: Magic Dart        ||    50
  Use: Potion            ||     3
  Eat: Chunk             ||     1
